Map: Sueño eterno EE

Players

loboestelar

  • Race: Protoss Protoss
  • League: Gold
  • Spawn Location: 1:00

MrFercho - Winner!

  • Race: Zerg Zerg
  • League: Gold
  • Spawn Location: 7:00

VOD

Have the link to the VOD?

Description

Time

  • Played on: Aug. 19, 2020, 7:21 p.m.
  • Length: 8:07
Show
View Real Time Build Order
Export as new Build Order

loboestelar Protoss 

Build Orders:  

Get SALT Encoding   

  12  0:00  Probe  
  13  0:14  Pylon  
  13  0:17  Probe (Chrono Boost)  
  14  0:27  Probe (Chrono Boost)  
  15  0:36  Gateway  
  15  0:40  Assimilator  
  15  0:42  Probe  
  16  0:54  Probe  
  17  1:06  Probe (Chrono Boost)  
  17  1:09  Assimilator  
  19  1:18  Probe (Chrono Boost)  
  19  1:19  Pylon  
  19  1:34  Probe  
  20  1:46  Pylon, Probe, Cybernetics Core  
  21  1:58  Probe  
  22  2:10  Probe  
  22  2:12  Gateway  
  23  2:23  Robotics Facility  
  23  2:28  Pylon  
  23  2:29  Warp Gate  
  23  2:30  Stalker (Chrono Boost)  
  25  2:51  Adept (Chrono Boost)  
  25  2:57  Gateway  
  27  3:14  Immortal (Chrono Boost)  
  31  3:34  Shield Battery  
  31  3:37  Shield Battery  
  31  3:47  Observer  
  32  4:07  Warp Prism  
  34  4:19  Zealot x3  
  40  4:43  Immortal  
  44  5:04  Zealot  
  46  5:13  Pylon  
  46  5:33  Zealot x3  
  52  5:46  Nexus  
  52  5:47  Pylon  
  52  5:50  Gateway  
  52  5:53  Forge  
  52  5:56  Sentry  
  54  6:04  Observer  
  54  6:09  Sentry  
  54  6:10  Sentry  
  39  6:39  Zealot x2  
  43  6:40  Zealot  
  45  6:50  Twilight Council  
  38  7:28  Assimilator, Zealot x3  
  38  7:29  Assimilator, Zealot  
  30  7:47  Zealot  
  30  7:48  Zealot  
  30  7:49  Zealot x2  
Show
View Real Time Build Order
Export as new Build Order

MrFercho Zerg - Winner!

Build Orders: Hatch First 

Get SALT Encoding   

  12  0:11  Overlord  
  12  0:13  Drone  
  13  0:17  Drone  
  14  0:39  Drone  
  14  0:40  Drone  
  16  0:52  Drone  
  16  0:55  Hatchery  
  16  0:57  Drone  
  17  1:06  Drone  
  18  1:11  Extractor  
  17  1:20  Spawning Pool  
  17  1:21  Drone  
  17  1:27  Drone  
  18  1:44  Drone  
  19  2:01  Drone  
  20  2:02  Overlord  
  20  2:09  Drone  
  20  2:12  Drone  
  22  2:21  Metabolic Boost  
  22  2:24  Zergling x2  
  22  2:25  Zergling x2  
  22  2:27  Queen x2  
  28  2:31  Overlord  
  28  3:19  Overlord x2  
  28  3:21  Drone x4  
  32  3:31  Zergling x4  
  34  3:36  Queen  
  36  3:44  Drone x2  
  36  3:48  Roach Warren  
  37  3:49  Evolution Chamber  
  37  3:52  Lair  
  37  3:53  Drone  
  37  3:54  Drone  
  38  4:01  Spine Crawler  
  37  4:05  Spine Crawler  
  33  4:31  Roach  
  33  4:32  Roach x7  
  48  4:53  Extractor  
  47  5:03  Roach x2  
  47  5:04  Overlord x3  
  51  5:11  Glial Reconstitution  
  51  5:13  Drone  
  52  5:22  Zergling x10  
  52  5:27  Roach  
  59  5:39  Hatchery  
  58  5:44  Ravager  
  58  5:48  Drone x2  
  58  5:49  Drone x5  
  66  5:55  Ravager  
  67  6:00  Zergling x8  
  67  6:03  Overlord x2  
  71  6:05  Drone  
  71  6:06  Drone  
  72  6:22  Overseer  
  62  6:40  Drone, Roach x8  
  62  6:41  Drone  
  76  7:08  Roach x6  
  82  7:32  Roach x5  
  82  7:33  Overlord x2  
  80  7:49  Ravager  
Tags
 
League
GoldGold
Matchup
PvZ
Replay Pack
MrFercho
Spawn Locations
Cross Positions
Add a new tag
Caveats
  • Supply blocks, unpowered buildings, or Contaminate may cause inaccurate times.
  • Supply counts are checked every 10 seconds.